 Dungeon Sprint DCSS version 0.20-a0-640-g62ed22f (webtiles) character file.

1211 esc the Fighter (level 8, -6/59 HPs)
             Began as a Gargoyle Berserker on Feb 12, 2017.
             Was an Elder of Trog.
             Mangled by Sonja
             ... wielding a +1 dagger of distortion
              (8 damage)
             ... in the Dungeon (Sprint I: "Red Sonja").
             The game lasted 00:06:02 (514 turns).

esc the Fighter (Gargoyle Berserker)                 Turns: 514, Time: 00:06:03

Health: -6/59      AC:  8    Str: 24    XL:     8   Next: 46%
Magic:  8/8        EV: 15    Int:  7    God:    Trog [****..]
Gold:   413        SH:  0    Dex:  9    Spells: 7/7 levels left

rFire    . . .     SeeInvis .   a - +0 mace
rCold    . . .     Gourm    .   b - +0 animal skin
rNeg     + . .     Faith    .   (no shield)
rPois    ∞         Spirit   .   (no helmet)
rElec    +         Reflect  .   (no cloak)
rCorr    .         Harm     .   (no gloves)
MR       .....     NoTele   +   (no boots)
Stlth    +.........             (no amulet)
Regen    0.2/turn               (no ring)
MPRegen  0.2/turn               (no ring)

@: exhausted, slowed, very slow
A: negative energy resistance 1, electricity resistance, unbreathing,
petrification resistance, rot immunity, AC +5
a: Berserk, Trog's Hand, Brothers in Arms, Burn Spellbooks, Renounce Religion


You were in the Dungeon.
You worshipped Trog.
Trog was greatly pleased with you.
You were not hungry.

You visited 1 branch You collected 413 gold pieces.

Inventory:

Hand Weapons
 a - a +0 mace (weapon)
Missiles
 c - a curare-tipped needle
Armour
 b - a +0 animal skin (worn)
Scrolls
 i - a scroll of blinking {!r}
Potions
 d - a potion of curing
 e - a potion of heal wounds
 f - a potion of haste
 g - 2 potions of magic
 h - a potion of berserk rage {!q}


   Skills:
 + Level 10.8 Fighting
 + Level 10.1 Maces & Flails
 + Level 10.5 Armour
 - Level 6.7 Dodging


You had 7 spell levels left.
You didn't know any spells.

Dungeon Overview and Level Annotations

Branches:
Dungeon (1/1)

Altars:
Cheibriados
Dithmenos
Elyvilon
Fedhas
Gozag
Hepliaklqana
Kikubaaqudgha
Makhleb
Nemelex Xobeh
Okawaru
Qazlal
Ru
Sif Muna
Trog
Uskayaw
Vehumet
Xom
Yredelemnul
Zin
The Shining One
Jiyva
Lugonu

Shops:
D *

Annotations:
D Sonja


Innate Abilities, Weirdness & Mutations

You are resistant to torment.
Your stone body is resilient. (AC +5)
You are immune to poison.
You resist negative energy. (rN+)
You are resistant to electric shocks. (rElec)
You can survive without breathing.
You are immune to petrification.
You are immune to rotting.


Message History

Okay, then.
Items here: % ) [ ÷ a dagger; a robe; 3 inedible chunks of flesh {@w0}; a kobold skeleton
There is an open door, spattered with blood here.
Things that are here:
a dagger; a robe You see here 2 steel tomahawks.
You eat the bread ration {@e1}.
That bread ration really hit the spot!
There is an open door, spattered with blood here.
Things that are here:
a dagger; a robe You start resting.
You feel yourself speed up.
You regained 4 hp, and now have 53/59 hp.
You start resting.
You feel less exhausted.
You start resting.
Health restored: 59 You see here 2 steel tomahawks.
There is an open door here.
There is a burning altar of Makhleb here.
There is an open door here.
There is an open door here.
You see here a weird runed staff.
As you open the door, it creaks loudly!
Sonja, the Graceful Assassin comes into view.
She is wielding a dagger of distortion.
Sonja shouts!
Sonja zaps a wand.
The bolt of lightning hits you! You resist.
It is a wand of lightning (?/15).
Sonja unwields an uncursed dagger of distortion.
Its appearance distorts for a moment.
Sonja wields an uncursed blowgun.
Sonja shoots a curare-tipped needle.
The curare-tipped needle hits you.
You take 6 damage, and have 53/59 hp.
Unknown command.
Unknown command.
Unknown command.
You close the door.
Okay, then.
c - a curare-tipped needle Sonja opens the door.
Unknown command.
Unknown command.
A red film seems to cover your vision as you go berserk!
You feel yourself moving faster!
You feel mighty!
You feel a lot more hungry.
Sonja shoots a curare-tipped needle.
The curare-tipped needle hits you.
You now have 80/88 hp.
You feel a strong urge to attack something.
Sonja unwields an uncursed blowgun.
Sonja wields an uncursed dagger of distortion.
Its appearance distorts for a moment.
Sonja hits you with an uncursed dagger of distortion.
Sonja hits you but does no damage. Space warps horribly around you!
Sonja barely misses you.
There is an open door here.
You take 7 damage, and have 73/88 hp.
Unknown command.
Unknown command.
You miss Sonja.
Sonja mumbles some strange words.
Sonja blinks!
You see here a curare-tipped needle.
You feel a strong urge to attack something.
Sonja unwields an uncursed dagger of distortion.
Its appearance distorts for a moment.
Sonja wields an uncursed blowgun.
Sonja shoots a curare-tipped needle.
The curare-tipped needle misses you.
Unknown command.
You are no longer berserk.
You are exhausted.
You feel yourself slow down.
Sonja unwields an uncursed blowgun.
Sonja wields an uncursed dagger of distortion.
Its appearance distorts for a moment.
Sonja hits you with an uncursed dagger of distortion.
Space warps horribly around you! Sonja closely misses you.
Sonja hits you with an uncursed dagger of distortion.
Space bends around you.
There is an open door here.
You now have 21/59 hp.
Unknown command.
Unknown command.
Unknown command.
Really quaff
h - a potion of berserk rage {!q}?
You're too exhausted to go berserk.
You miss Sonja.
Sonja hits you with an uncursed dagger of distortion.
Space warps horribly around you!
* * * LOW HITPOINT WARNING * * *
Sonja hits you but does no damage. Space bends around you.
* * * LOW HITPOINT WARNING * * *
Sonja hits you but does no damage. Space warps horribly around you!
You die...

##########################
#<.#..)..#..'..#__#.())..#
#..'..#..)..#..'^.'..#...#
#..#####'#####'#__####...+
#..####..#...#.#### #####
#..#__####.K##|#
#..#_____##@#..+
#⌠⌠#_.∩...'..._#
####_..__##_(#'#
#_____###'#(# #######
#.### $.$ #$.$# ##.## #+#


You could see Sonja.

Vanquished Creatures
  2 kobold demonologists (D)
  A slime creature (D)
  A yak (D)
  Sigmund (D)
  A floating eye (D)
  An ogre (D)
  A jelly (D)
  Ijyb (D)
9 creatures vanquished.

Notes
Turn   | Place    | Note
-------+----------+-------------------------------------------
     0 | D        | esc the Gargoyle Berserker began the quest for the Orb.
     0 | D        | Reached XP level 1. HP: 14/14 MP: 1/1
     1 | D        | Noticed Ijyb
    11 | D        | Killed Ijyb
    11 | D        | Reached skill level 4 in Fighting
    11 | D        | Reached skill level 4 in Maces & Flails
    11 | D        | Reached skill level 3 in Armour
    11 | D        | Reached skill level 2 in Dodging
    11 | D        | Reached XP level 2. HP: 20/20 MP: 2/2
    11 | D        | Reached XP level 3. HP: 24/24 MP: 3/3
    54 | D        | Noticed an ogre
    60 | D        | Killed an ogre
    60 | D        | Reached skill level 5 in Fighting
    60 | D        | Reached skill level 5 in Maces & Flails
    60 | D        | Reached skill level 5 in Armour
    60 | D        | Reached skill level 4 in Dodging
    60 | D        | Reached XP level 4. HP: 32/32 MP: 4/4
   111 | D        | Noticed Sigmund
   131 | D        | Killed Sigmund
   131 | D        | Reached ** piety under Trog
   131 | D        | Reached skill level 7 in Fighting
   131 | D        | Reached skill level 6 in Maces & Flails
   131 | D        | Reached skill level 7 in Armour
   131 | D        | Reached skill level 5 in Dodging
   131 | D        | Reached XP level 5. HP: 38/38 MP: 5/5
   131 | D        | Reached XP level 6. HP: 44/44 MP: 6/6
   147 | D        | Found a deep blue altar of Sif Muna.
   149 | D        | Found a radiant altar of Vehumet.
   155 | D        | Reached skill level 7 in Maces & Flails
   271 | D        | Found Ibiet's General Store.
   271 | D        | Found an ancient bone altar of Kikubaaqudgha.
   271 | D        | Found a hazy altar of Hepliaklqana.
   271 | D        | Found a stormy altar of Qazlal.
   271 | D        | Found a hide-covered altar of Uskayaw.
   271 | D        | Found a blossoming altar of Fedhas.
   271 | D        | Found a bloodstained altar of Trog.
   271 | D        | Found an iron altar of Okawaru.
   271 | D        | Found a basalt altar of Yredelemnul.
   271 | D        | Found a glowing golden altar of the Shining One.
   271 | D        | Found a snail-covered altar of Cheibriados.
   271 | D        | Found a sacrificial altar of Ru.
   271 | D        | Found a glowing silver altar of Zin.
   271 | D        | Found a shadowy altar of Dithmenos.
   271 | D        | Found a white marble altar of Elyvilon.
   271 | D        | Noticed a yak
   279 | D        | Killed a yak
   279 | D        | Reached skill level 8 in Fighting
   279 | D        | Reached skill level 8 in Armour
   279 | D        | Reached skill level 6 in Dodging
   280 | D        | Found an opulent altar of Gozag.
   281 | D        | Found a sparkling altar of Nemelex Xobeh.
   328 | D        | Found a burning altar of Makhleb.
   328 | D        | Found a viscous altar of Jiyva.
   328 | D        | Found a shimmering altar of Xom.
   328 | D        | Found a corrupted altar of Lugonu.
   328 | D        | Noticed a slime creature
   337 | D        | Killed a slime creature
   337 | D        | Reached *** piety under Trog
   337 | D        | Reached skill level 9 in Fighting
   337 | D        | Reached skill level 8 in Maces & Flails
   337 | D        | Reached XP level 7. HP: 51/51 MP: 7/7
   416 | D        | Noticed a kobold demonologist
   417 | D        | Paralysed by a floating eye for 2 turns
   418 | D        | Noticed a kobold demonologist
   422 | D        | Noticed an ice devil
   422 | D        | Noticed a neqoxec
   423 | D        | Reached skill level 9 in Armour
   431 | D        | Noticed a neqoxec
   433 | D        | Noticed a hellwing
   433 | D        | Killed a kobold demonologist
   433 | D        | Received a gift from Trog
   433 | D        | Reached skill level 10 in Fighting
   433 | D        | Reached skill level 9 in Maces & Flails
   433 | D        | Reached skill level 10 in Armour
   433 | D        | Reached XP level 8. HP: 57/57 MP: 8/8
   437 | D        | Killed a kobold demonologist
   437 | D        | Reached **** piety under Trog
   437 | D        | Reached skill level 10 in Maces & Flails
   505 | D        | Noticed Sonja
   514 | D        | HP: 7/59 [Sonja/uncursed dagger of distortion (12)]
   514 | D        | HP: 2/59 [Sonja/uncursed dagger of distortion (5)]
   514 | D        | Mangled by Sonja

Vault maps used:
D:        dungeon_sprint_1

Skill      XL: |  1  2  3  4  5  6  7  8 |
---------------+-------------------------+-----
Fighting       | 4 5 7 9 10 | 10.8
Maces & Flails | 4 5 6 8 9 10 | 10.1
Armour         | 3 5 7 8 10 | 10.5
Dodging        | 2 4 5 6 |  6.7

Action                   |  1- 3 |  4- 6 |  7- 9 || total
-------------------------+-------+-------+-------++-------
Melee: Mace              |    14 |    28 |    19 ||    61
Invok: Berserk           |     2 |     3 |     2 ||     7
  Eat: Chunk             |       |     2 |     1 ||     3
       Bread ration      |       |       |     1 ||     1
Armor: Animal skin       |     1 |     8 |     6 ||    15
Dodge: Dodged            |     5 |    14 |     8 ||    27

Vault maps used:
D:        dungeon_sprint_1

Table legend:
 A = Turns spent in this place as a percentage of turns spent in the entire game.
 B = Non-inter-level travel turns spent in this place as a percentage of non-inter-level travel turns spent in the entire game.
 C = Inter-level travel turns spent in this place as a percentage of turns spent in this place.
 D = Turns resting spent in this place as a percentage of non-inter-level travel turns spent in this place.
 E = Turns spent auto-exploring this place as a percentage of non-inter-level travel turns spent in this place.
 F = Non-inter-level travel turns spent in this place divided by the number of levels of this place that you've seen.
                   A       B       C       D       E      F
               +-------+-------+-------+-------+-------+----------------------
         Total | 100.0 | 100.0 |   0.0 |   9.2 |   0.0 | 238.0
       Dungeon | 100.0 | 100.0 |   0.0 |   9.2 |   0.0 | 238.0
               +-------+-------+-------+-------+-------+----------------------

Table legend:
 A = Kills in this place as a percentage of kills in entire the game.
 B = Kills by you in this place as a percentage of kills by you in the entire game.
 C = Kills by friends in this place as a percentage of kills by friends in the entire game.
 D = Other kills in this place as a percentage of other kills in the entire game.
 E = Experience gained in this place as a percentage of experience gained in the entire game.
 F = Experience gained in this place divided by the number of levels of this place that you have seen.
                   A       B       C       D       E      F
               +-------+-------+-------+-------+-------+----------------------
         Total | 100.0 | 100.0 |  -nan |  -nan | 100.0 | 1730.0
       Dungeon | 100.0 | 100.0 |  -nan |  -nan | 100.0 | 1730.0
               +-------+-------+-------+-------+-------+----------------------
